TOP OF THE 1ST |
Chicago Gold Sox batting - Pitching for New Amsterdam Dutchmen : LHP António Hernández
|
Pitching: LHP António Hernández
|
|
Batting: LHB Noel Ballard
|
0-0: Ball 1-0: Foul Ball, location: 2F 1-1: Fly out, F7 (Line Drive, 7)
|
Batting: SHB Lupo Cotto
|
0-0: Ball 1-0: Ball 2-0: Fly out, F7 (Flyball, 7LD)
|
Batting: RHB Ben Kennerly
|
0-0: Ball 1-0: Swinging Strike 1-1: Called Strike 1-2: Ground out 6-3 (Groundball, 6)
|
Top of the 1st over - 0 run(s), 0 hit(s), 0 error(s), 0 left on base; Chicago 0 - New Amsterdam 0 |
BOTTOM OF THE 1ST |
New Amsterdam Dutchmen batting - Pitching for Chicago Gold Sox : RHP Gordon Neugebauer
|
Pitching: RHP Gordon Neugebauer
|
|
Batting: RHB Mario Rivera
|
0-0: Ball 1-0: Foul Ball, location: 2F 1-1: Ball 2-1: Ball 3-1: Base on Balls
|
Batting: RHB Menno van de Vlugt
|
0-0: Called Strike 0-1: Ball 1-1: Ball 2-1: Swinging Strike 2-2: Fly out, F8 (Line Drive, 8LS)
|
Batting: LHB Félix López
|
0-0: Called Strike 0-1: Foul Ball, location: 2F 0-2: Ball Wild Pitch! Mario Rivera to second 1-2: Foul Ball, location: 2F 1-2: Ball 2-2: Foul Ball, location: 2F 2-2: Ball 3-2: 2-RUN HOME RUN (Line Drive, 89XD), Distance : 423 ft
|
Batting: RHB Hank Wilder
|
0-0: Called Strike 0-1: Foul Ball, location: 2F 0-2: Strikes out swinging
|
Batting: LHB Cornelius Taitt
|
0-0: Ball 1-0: Foul Ball, location: 2F 1-1: Foul Ball, location: 2F 1-2: Strikes out swinging
|
Bottom of the 1st over - 2 run(s), 1 hit(s), 0 error(s), 0 left on base; Chicago 0 - New Amsterdam 2 |
TOP OF THE 2ND |
Chicago Gold Sox batting - Pitching for New Amsterdam Dutchmen : LHP António Hernández
|
Batting: LHB Melvin Castro
|
0-0: Ball 1-0: Called Strike 1-1: Swinging Strike 1-2: Fly out, F8 (Flyball, 78S)
|
Batting: LHB Roberto Veliz
|
0-0: Ball 1-0: Called Strike 1-1: Ball 2-1: Foul Ball, location: 2F 2-2: Strikes out looking
|
Batting: RHB António Guzmán
|
0-0: Called Strike 0-1: Ground out 6-3 (Groundball, 6M)
|
Top of the 2nd over - 0 run(s), 0 hit(s), 0 error(s), 0 left on base; Chicago 0 - New Amsterdam 2 |
BOTTOM OF THE 2ND |
New Amsterdam Dutchmen batting - Pitching for Chicago Gold Sox : RHP Gordon Neugebauer
|
Batting: RHB Arturo Morales
|
0-0: Ball 1-0: Ball 2-0: Ball 3-0: Foul Ball, location: 2F 3-1: Base on Balls
|
Batting: LHB SaQwan Hackett
|
0-0: Called Strike 0-1: Fly out, F9 (Line Drive, 9)
|
Batting: RHB Alfredo Suárez
|
0-0: Ball 1-0: Called Strike 1-1: Ball 2-1: Ground out 6-3 (Groundball, 6MS) Arturo Morales to second
|
Batting: RHB Omar Schuler
|
0-0: Ball 1-0: Ball 2-0: Called Strike 2-1: Ball 3-1: Base on Balls
|
Batting: RHB Mario Rivera
|
0-0: Ball 1-0: Called Strike 1-1: Foul Ball, location: 2F 1-2: Ball 2-2: Foul Ball, location: 2F 2-2: Foul Ball, location: 2F 2-2: Strikes out looking
|
Bottom of the 2nd over - 0 run(s), 0 hit(s), 0 error(s), 2 left on base; Chicago 0 - New Amsterdam 2 |
TOP OF THE 3RD |
Chicago Gold Sox batting - Pitching for New Amsterdam Dutchmen : LHP António Hernández
|
Batting: LHB William Wise
|
0-0: Ball 1-0: Ground out 3-1 (Groundball, 34)
|
Batting: LHB Naohiro Sakai
|
0-0: Called Strike 0-1: Ball 1-1: Ball 2-1: Foul Ball, location: 2F 2-2: Fly out, F9 (Flyball, 9D)
|
Batting: LHB Arthur Ryan
|
0-0: Called Strike 0-1: Foul Ball, location: 2F 0-2: Ground out U3 (Groundball, 3)
|
Top of the 3rd over - 0 run(s), 0 hit(s), 0 error(s), 0 left on base; Chicago 0 - New Amsterdam 2 |
BOTTOM OF THE 3RD |
New Amsterdam Dutchmen batting - Pitching for Chicago Gold Sox : RHP Gordon Neugebauer
|
Batting: RHB Menno van de Vlugt
|
0-0: Fly out, F7 (Flyball, 7D)
|
Batting: LHB Félix López
|
0-0: Ball 1-0: Ball 2-0: Ball 3-0: Called Strike 3-1: Foul Ball, location: 2F 3-2: Base on Balls
|
Batting: RHB Hank Wilder
|
0-0: Ball 1-0: Called Strike 1-1: SINGLE (Line Drive, 56) Félix López to second
|
Batting: LHB Cornelius Taitt
|
0-0: Ball 1-0: Ball 2-0: Ball 3-0: Called Strike 3-1: Foul Ball, location: 2F 3-2: Foul Ball, location: 2F 3-2: Base on Balls Félix López to third Hank Wilder to second
|
Batting: RHB Arturo Morales
|
0-0: Foul Ball, location: 2F 0-1: Called Strike 0-2: Ball 1-2: Strikes out swinging
|
Batting: LHB SaQwan Hackett
|
Error on foul ball, E2 0-1: Foul Ball, location: 2F 0-2: Foul Ball, location: 2F 0-2: Strikes out looking
|
Bottom of the 3rd over - 0 run(s), 1 hit(s), 1 error(s), 3 left on base; Chicago 0 - New Amsterdam 2 |
TOP OF THE 4TH |
Chicago Gold Sox batting - Pitching for New Amsterdam Dutchmen : LHP António Hernández
|
Batting: LHB Noel Ballard
|
0-0: Foul Ball, location: 2F 0-1: Ball 1-1: Swinging Strike 1-2: Foul Ball, location: 2F 1-2: Ball 2-2: Foul Ball, location: 2F 2-2: Ball 3-2: Ground out 5-3 (Groundball, 56)
|
Batting: SHB Lupo Cotto
|
0-0: Ball 1-0: Called Strike 1-1: Ground out 5-3 (Groundball, 5S)
|
Batting: RHB Ben Kennerly
|
0-0: Called Strike 0-1: Foul Ball, location: 2F 0-2: Strikes out swinging
|
Top of the 4th over - 0 run(s), 0 hit(s), 0 error(s), 0 left on base; Chicago 0 - New Amsterdam 2 |
BOTTOM OF THE 4TH |
New Amsterdam Dutchmen batting - Pitching for Chicago Gold Sox : RHP Gordon Neugebauer
|
Batting: RHB Alfredo Suárez
|
0-0: Bunt for hit - play at first, batter OUT! 1-3
|
Batting: RHB Omar Schuler
|
0-0: Called Strike 0-1: Swinging Strike 0-2: Strikes out swinging
|
Batting: RHB Mario Rivera
|
0-0: Foul Ball, location: 2F 0-1: Ball 1-1: Ball 2-1: Ball 3-1: Base on Balls
|
Pitching: LHP Dan Crowder
|
|
Batting: RHB Menno van de Vlugt
|
0-0: Ball 1-0: Called Strike 1-1: Called Strike 1-2: Foul Ball, location: 2F 1-2: SINGLE (Groundball, 34D) Mario Rivera to second Runner from 2nd tries for 3rd, SAFE, throw made to third
|
Batting: LHB Félix López
|
0-0: Ball 1-0: Ball 2-0: SINGLE (Groundball, 6D) Mario Rivera scores Menno van de Vlugt to second
|
Batting: RHB Hank Wilder
|
0-0: Called Strike 0-1: Ball 1-1: Ball Wild Pitch! Menno van de Vlugt to third Félix López to second 2-1: Fly out, F7 (Flyball, 78S)
|
Bottom of the 4th over - 1 run(s), 2 hit(s), 0 error(s), 2 left on base; Chicago 0 - New Amsterdam 3 |
TOP OF THE 5TH |
Chicago Gold Sox batting - Pitching for New Amsterdam Dutchmen : LHP António Hernández
|
Batting: LHB Melvin Castro
|
0-0: Ball 1-0: Foul Ball, location: 2F 1-1: Ball 2-1: Ground out U3 (Groundball, 3)
|
Batting: LHB Roberto Veliz
|
0-0: Ball 1-0: Ground out 4-3 (Groundball, 4)
|
Batting: RHB António Guzmán
|
0-0: Called Strike 0-1: Ball 1-1: Swinging Strike 1-2: Strikes out looking
|
Top of the 5th over - 0 run(s), 0 hit(s), 0 error(s), 0 left on base; Chicago 0 - New Amsterdam 3 |
BOTTOM OF THE 5TH |
New Amsterdam Dutchmen batting - Pitching for Chicago Gold Sox : LHP Dan Crowder
|
Batting: LHB Cornelius Taitt
|
0-0: Fly out, F8 (Flyball, 8LXD)
|
Batting: RHB Arturo Morales
|
0-0: Called Strike 0-1: Fly out, F8 (Flyball, 8LM)
|
Batting: LHB SaQwan Hackett
|
0-0: Ball 1-0: Foul Ball, location: 2F 1-1: Foul Ball, location: 2F 1-2: Ground out 4-3 (Groundball, 4)
|
Bottom of the 5th over - 0 run(s), 0 hit(s), 0 error(s), 0 left on base; Chicago 0 - New Amsterdam 3 |
TOP OF THE 6TH |
Chicago Gold Sox batting - Pitching for New Amsterdam Dutchmen : LHP António Hernández
|
Batting: LHB William Wise
|
0-0: Ball 1-0: Ball 2-0: Fly out, F9 (Flyball, 89S)
|
Batting: LHB Naohiro Sakai
|
0-0: Ball 1-0: Ball 2-0: Ground out 3-1 (Groundball, 34)
|
Batting: LHB Arthur Ryan
|
0-0: Foul Ball, location: 2F 0-1: Called Strike 0-2: Strikes out swinging
|
Top of the 6th over - 0 run(s), 0 hit(s), 0 error(s), 0 left on base; Chicago 0 - New Amsterdam 3 |
BOTTOM OF THE 6TH |
New Amsterdam Dutchmen batting - Pitching for Chicago Gold Sox : LHP Dan Crowder
|
Batting: RHB Alfredo Suárez
|
0-0: Ball 1-0: Ball 2-0: Ball 3-0: Called Strike 3-1: Called Strike 3-2: Foul Ball, location: 2F 3-2: Fly out, F8 (Flyball, 8LD)
|
Batting: RHB Omar Schuler
|
0-0: Ball 1-0: Ball 2-0: Ball 3-0: Base on Balls
|
Batting: RHB Mario Rivera
|
0-0: Ball 1-0: Called Strike 1-1: Foul Ball, location: 2F 1-2: Ball 2-2: Ball Omar Schuler steals 2nd base 3-2: Foul Ball, location: 2F 3-2: Ground out 6-3 (Groundball, 6)
|
Pitching: RHP Decheng Sun
|
|
Batting: RHB Menno van de Vlugt
|
0-0: Called Strike 0-1: Called Strike 0-2: Ball Passed Ball! Omar Schuler to third 1-2: Strikes out swinging
|
Bottom of the 6th over - 0 run(s), 0 hit(s), 0 error(s), 1 left on base; Chicago 0 - New Amsterdam 3 |
TOP OF THE 7TH |
Chicago Gold Sox batting - Pitching for New Amsterdam Dutchmen : LHP António Hernández
|
Batting: LHB Noel Ballard
|
0-0: Ball 1-0: Foul Ball, location: 2F 1-1: SINGLE (Groundball, 34D)
|
Batting: SHB Lupo Cotto
|
0-0: Foul Ball, location: 2F 0-1: Ball 1-1: Ball 2-1: Foul Ball, location: 2F 2-2: Ball 3-2: Grounds into double play, 6-4-3 (Groundball, 6M)
|
Batting: RHB Ben Kennerly
|
0-0: Foul Ball, location: 2F 0-1: Ball 1-1: Ground out 6-3 (Groundball, 6)
|
Top of the 7th over - 0 run(s), 1 hit(s), 0 error(s), 0 left on base; Chicago 0 - New Amsterdam 3 |
BOTTOM OF THE 7TH |
New Amsterdam Dutchmen batting - Pitching for Chicago Gold Sox : RHP Decheng Sun
|
Batting: LHB Félix López
|
0-0: Called Strike 0-1: Swinging Strike 0-2: Foul Ball, location: 2F 0-2: Ground out 4-3 (Groundball, 4)
|
Batting: RHB Hank Wilder
|
0-0: Foul Ball, location: 2F 0-1: Foul Ball, location: 2F 0-2: Ball 1-2: Ball 2-2: Strikes out swinging
|
Batting: LHB Cornelius Taitt
|
0-0: Ball 1-0: Called Strike 1-1: Ground out 1-3 (Groundball, 15S)
|
Bottom of the 7th over - 0 run(s), 0 hit(s), 0 error(s), 0 left on base; Chicago 0 - New Amsterdam 3 |
TOP OF THE 8TH |
Chicago Gold Sox batting - Pitching for New Amsterdam Dutchmen : LHP António Hernández
|
Batting: LHB Melvin Castro
|
0-0: Foul Ball, location: 2F 0-1: Fly out, F7 (Flyball, 7)
|
Batting: LHB Roberto Veliz
|
0-0: Ball 1-0: Foul Ball, location: 2F 1-1: Ball 2-1: SINGLE (Line Drive, 8RS)
|
Batting: RHB António Guzmán
|
0-0: Swinging Strike 0-1: Ball 1-1: Foul Ball, location: 2F 1-2: Fly out, F7 (Flyball, 7)
|
Batting: LHB William Wise
|
0-0: Ball 1-0: Fielders Choice at 2nd, 6-4 (Groundball, 6)
|
Top of the 8th over - 0 run(s), 1 hit(s), 0 error(s), 0 left on base; Chicago 0 - New Amsterdam 3 |
BOTTOM OF THE 8TH |
New Amsterdam Dutchmen batting - Pitching for Chicago Gold Sox : RHP Decheng Sun
|
Batting: RHB Arturo Morales
|
0-0: Called Strike 0-1: Swinging Strike 0-2: Strikes out swinging
|
Batting: LHB SaQwan Hackett
|
0-0: Called Strike 0-1: Fly out, F7 (Flyball, 7D)
|
Batting: RHB Alfredo Suárez
|
0-0: Fly out, F5 (Line Drive, 5)
|
Bottom of the 8th over - 0 run(s), 0 hit(s), 0 error(s), 0 left on base; Chicago 0 - New Amsterdam 3 |
TOP OF THE 9TH |
Chicago Gold Sox batting - Pitching for New Amsterdam Dutchmen : LHP António Hernández
|
Batting: LHB Naohiro Sakai
|
0-0: Fly out, F7 (Line Drive, 7S)
|
Batting: LHB Arthur Ryan
|
0-0: Ball 1-0: SINGLE (Flyball, 89S)
|
Pitching: LHP Frenk Norman
|
|
Batting: LHB Noel Ballard
|
0-0: Ball 1-0: Ball 2-0: Called Strike 2-1: Ball 3-1: Foul Ball, location: 2F 3-2: Strikes out swinging
|
Batting: SHB Lupo Cotto
|
0-0: Called Strike 0-1: Swinging Strike 0-2: Ball 1-2: Strikes out looking
|
Top of the 9th over - 0 run(s), 1 hit(s), 0 error(s), 1 left on base; Chicago 0 - New Amsterdam 3 |
|